 Dungeon Crawl Stone Soup version 0.14-a0-181-gf6fe0c6 (webtiles) character file.

675 Leibowitz the Ducker (level 7, -5/64 HPs)
             Began as a Kobold Berserker on Oct 6, 2013.
             Was an Elder of Trog.
             Slain by Menkaure (6 damage)
             ... on Level 4 of the Dungeon.
             The game lasted 00:16:00 (5168 turns).

Leibowitz the Ducker (Kobold Berserker)             Turns: 5168, Time: 00:16:01

HP  -5/64        AC  4     Str 21      XL: 7   Next: 44%
MP   6/6         EV 19     Int  5      God: Trog [****..]
Gold 159         SH  0     Dex 17      Spells:  0 memorised,  6 levels left

Res.Fire  : . . .   See Invis. : +   n - +2,+1 dagger (freeze)
Res.Cold  : . . .   Warding    : .   c - +2 elf robe
Life Prot.: . . .   Conserve   : .   (no shield)
Res.Poison: .       Res.Corr.  : .   (no helmet)
Res.Elec. : .       Clarity    : .   (no cloak)
Sust.Abil.: . .     Spirit.Shd : .   (no gloves)
Res.Mut.  : .       Stasis     : .   (no boots)
Res.Rott. : .       Flight     : .   (no amulet)
Saprovore : + + .                    b - ring of protection from magic
                                     i - ring of see invisible

@: berserking, very quick, quite resistant to hostile enchantments, extremely
unstealthy
A: disease resistance, carnivore 3, saprovore 2
a: Burn Spellbooks, Berserk, Trog's Hand, Brothers in Arms, Renounce Religion


You were on level 4 of the Dungeon.
You worshipped Trog.
Trog was greatly pleased with you.
You were not hungry.

You visited 1 branch of the dungeon, and saw 4 of its levels.

You collected 139 gold pieces.

Inventory:

Hand weapons
 a - a +0,+0 short sword
 n - a +2,+1 dagger of freezing (weapon)
Missiles
 f - 13 poisoned needles
 g - 5 tomahawks (quivered)
Armour
 c - a +2 elven robe (worn)
Comestibles
 h - 2 meat rations
Scrolls
 d - 2 scrolls of identify
 e - a scroll of curse jewellery
 j - 2 scrolls of remove curse
 l - a scroll of teleportation
Jewellery
 b - a ring of protection from magic (right hand)
 i - a ring of see invisible (left hand)
Potions
 k - a potion of restore abilities
 m - a potion of agility


   Skills:
 + Level 4.2 Fighting
 + Level 5.2 Short Blades
 + Level 1.5 Throwing
 - Level 1.5 Armour
 * Level 7.0 Dodging
 * Level 4.0 Stealth


You had 6 spell levels left.
You didn't know any spells.

Dungeon Overview and Level Annotations

Branches:
Dungeon (4/27)             Temple (0/1) D:4

Altars:
Fedhas

Annotations:
D:4 Menkaure


Innate Abilities, Weirdness & Mutations

You recuperate from illness quickly.
You are small and have problems with some larger weapons.
You are carnivorous and can eat meat at any time.
You can eat rotten meat.


Message History

Menkaure calls on the powers of darkness!
Your body is wracked with pain!
You hit Menkaure but do no damage.
Menkaure is moderately damaged.
You hit Menkaure.
Menkaure is moderately damaged.
Menkaure hits you!
Ouch! That really hurt!
* * * LOW HITPOINT WARNING * * *
Use which ability? (? or * to list)
A red film seems to cover your vision as you go berserk!
You feel yourself moving faster!
You feel mighty!
You feel somewhat more hungry. Menkaure misses you.
You barely miss Menkaure.
Menkaure is moderately damaged.
You hit Menkaure.
Menkaure is heavily damaged.
Menkaure draws the symbol "Udjat" in the dust.
Menkaure hits you.
You die...

####.#####.#### *,* *,** ,***,
..........#.# *##*,***,,,,,* *,
#####.####.## ..,..,,,***** *, #
#.# ### *.##.#**, *#+ ## #.#
*....# *,* *#.. .## #.####
*(...#**,* *#... ..###.##.##
*(..#*,*,* *#....
..........#######M.##....**#.....
........(.....).@........,,+.....
...##.....#######........**#.....
..######..# *#####.#** *#....
..........# *,* ##... #########.#
*<* ##.. ##### #.# *,* ##' ..(.#
#.# *,* #. ###.# #.# *,* #. # #.#
#.# *,* ##.


You could see Menkaure.

Vanquished Creatures
  An ogre (D:4)
  Blork the orc (D:4)
  2 orc priests (D:3)
  13 gnolls
  5 adders
  2 giant mites
  2 worms
  7 giant geckos
  3 oozes
  4 orcs (D:3)
  3 ball pythons
  9 bats
  6 goblins
  17 hobgoblins
  6 jackals
  8 kobolds
  A quokka (D:3)
  3 giant cockroaches
  8 giant newts
  An orc skeleton (D:4)
  7 rats
109 creatures vanquished.

Notes
Turn   | Place    | Note
--------------------------------------------------------------
     0 | D:1      | Leibowitz, the Kobold Berserker, began the quest for the Orb.
     0 | D:1      | Reached XP level 1. HP: 14/14 MP: 0/0
   119 | D:1      | Reached skill level 1 in Stealth
   123 | D:1      | Reached XP level 2. HP: 4/19 MP: 1/1
   406 | D:1      | Reached XP level 3. HP: 24/24 MP: 2/2
  1020 | D:1      | Acquired Trog's second power
  1327 | D:2      | Reached XP level 4. HP: 28/28 MP: 3/3
  1393 | D:2      | HP: 1/28 [worm (11)]
  2191 | D:2      | Reached XP level 5. HP: 14/33 MP: 4/4
  2709 | D:2      | Reached skill level 5 in Dodging
  3433 | D:3      | Reached XP level 6. HP: 39/39 MP: 5/5
  3696 | D:3      | Acquired Trog's third power
  3714 | D:3      | Reached skill level 5 in Short Blades
  3714 | D:3      | Reached skill level 6 in Dodging
  3758 | D:3      | Reached skill level 1 in Throwing
  4390 | D:4      | Found a staircase to the Ecumenical Temple.
  4399 | D:4      | Found a blossoming altar of Fedhas.
  4409 | D:4      | Noticed Blork the orc
  4426 | D:4      | Killed Blork the orc
  4426 | D:4      | Reached XP level 7. HP: 28/43 MP: 6/6
  4877 | D:4      | Reached skill level 7 in Dodging
  5158 | D:4      | Noticed Menkaure
  5165 | D:4      | HP: 1/43 [Menkaure (22)]
  5168 | D:4      | Slain by Menkaure

Action                   |  1- 3 |  4- 6 |  7- 9 || total
-------------------------+-------+-------+-------++-------
Melee: Short sword       |   116 |   247 |       ||   363
       Dagger            |       |   100 |    36 ||   136
Throw: Tomahawk          |     4 |    15 |     7 ||    26
Invok: Berserk           |       |     5 |     2 ||     7
  Use: Potion            |       |     4 |       ||     4
       Scroll            |       |       |    11 ||    11
 Stab: Sleeping          |     5 |     4 |     1 ||    10
       Distracted        |       |     2 |       ||     2
       Invisible         |       |     1 |       ||     1
